 Dungeon Crawl Stone Soup version 0.24-a0-586-g8e0e932 (webtiles) character file.

Game seed: 4961069430311960500, levelgen mode: deterministic

50 Laraso the Magician (level 3, -1/16 HPs)
             Began as a Vine Stalker Necromancer on Sept 7, 2019.
             Slain by a worm (6 damage)
             ... on level 2 of the Dungeon.
             The game lasted 00:05:34 (2292 turns).

Laraso the Magician (Vine Stalker Necromancer)      Turns: 2292, Time: 00:05:34

Health: -1/16      AC:  2    Str: 10    XL:     3   Next: 79%
Magic:  0/9        EV: 12    Int: 16    God:
Gold:   18         SH:  0    Dex: 14    Spells: 2/10 levels left

rFire    . . .     SeeInvis .   f - +0 hand axe
rCold    . . .     Gourm    .   (no shield)
rNeg     . . .     Faith    .   a - +0 robe
rPois    .         Spirit   +   (no helmet)
rElec    .         Reflect  .   (no cloak)
rCorr    .         Harm     .   (no gloves)
MR       .....                  (no boots)
Stlth    ++........             (no amulet)
HPRegen  0.05/turn              (no ring)
MPRegen  0.11/turn              (no ring)

@: no status effects
A: fangs 2, magic shield, antimagic bite, no potion heal 3, rot immunity
a: no special abilities


You were on level 2 of the Dungeon.
You were not hungry.

You visited 1 branch of the dungeon, and saw 2 of its levels.

You collected 18 gold pieces.

Inventory:

Hand Weapons
 f - a +0 hand axe (weapon)
Missiles
 d - a datura-tipped dart (quivered)
Armour
 a - a +0 robe (worn)
Jewellery
 h - a +2 ring of strength {unknown}
Potions
 g - a potion of ambrosia {unknown}
Comestibles
 b - 8 chunks of flesh
 c - a ration


   Skills:
 - Level 1.5 Dodging
 - Level 2.4 Stealth
 * Level 4.1 Spellcasting
 - Level 4.0 Necromancy


You had 2 spell levels left.
You knew the following spells:

 Your Spells              Type           Power        Failure   Level  Hunger
a - Pain                  Necr           ###.         3%          1    None
b - Animate Skeleton      Necr           N/A          3%          1    None
c - Vampiric Draining     Necr           ###.......   10%         3    ###....
e - Regeneration          Chrm/Necr      #.........   22%         3    ###....

Your spell library contained the following spells:

 Spells                   Type           Power        Failure   Level  Hunger
 Animate Dead             Necr           N/A          32%         4    ####...


Dungeon Overview and Level Annotations

Branches:
Dungeon (2/15)

Altars:


Innate Abilities, Weirdness & Mutations

You have extremely sharp teeth.
When hurt, damage is shared between your health and your magic reserves.
Your bite disrupts and absorbs the magic of your enemies.
Potions cannot restore your health.
You are immune to rotting.


Message History

You see here a frilled lizard corpse.
You attempt to give life to the dead...
Before your eyes, flesh is ripped from the corpse!
The dead are walking!
b - 4 chunks of flesh (gained 1)
You now have 3/9 mp.
You start resting.
You feel yourself speed up.
You start resting.
You recover from your berserk rage.
A worm comes into view.
Things that are here:
a +0 dagger; a hobgoblin corpse You swap places.
Things that are here:
a +0 dagger; a hobgoblin corpse You attempt to give life to the dead...
Before your eyes, flesh is ripped from the corpse!
The dead are walking!
You see here 4 chunks of flesh.
You now have 4/9 mp.
b - 8 chunks of flesh (gained 4)
Aim: a worm (chance to defeat MR: 81%)
The worm writhes in agony.
You take 1 damage, and have 9/16 hp.
You now have 4/9 mp.
Aim: a worm (lightly wounded, chance to defeat MR: 81%)
The worm writhes in agony.
You take 1 damage, and have 8/16 hp.
You now have 3/9 mp.
What are your orders? t - Shout!
Orders for allies: a - Attack new target. p - Attack previous target. r - Retreat! s - Stop attacking. g - Guard the area. f - Follow me.
Anything else - Cancel.
Gang up on whom?
Aim: a worm (moderately wounded) Attack!
Your hobgoblin skeleton barely misses the worm.
The worm bites your frilled lizard skeleton.
Your frilled lizard skeleton bites the worm but does no damage.
Your frilled lizard skeleton barely misses the worm.
Your frilled lizard skeleton bites the worm.
Your frilled lizard skeleton barely misses the worm.
Your hobgoblin skeleton barely misses the worm.
Aim: a worm (lightly wounded, chance to defeat MR: 81%)
The worm barely resists.
Your hobgoblin skeleton hits the worm but does no damage.
You take 1 damage, and have 7/16 hp.
Aim: a worm (lightly wounded, chance to defeat MR: 81%)
The worm writhes in agony.
You take 1 damage, and have 6/16 hp.
You now have 2/9 mp.
Aim: a worm (heavily wounded, chance to defeat MR: 81%)
The worm writhes in agony.
* * * LOW MAGIC WARNING * * *
You take 1 damage, and have 5/16 hp.
You now have 1/9 mp.
Your frilled lizard skeleton bites the worm but does no damage.
Your hobgoblin skeleton hits the worm with a +0 dagger.
The worm bites you!
* * * LOW MAGIC WARNING * * *
You die...

....................>#
#.#.##...............) .
#.#.###.#.....#.#.....
..#######.#........#.......##.
.)....##.#.....##.#..#..#.##.
###....#.#.##.#...#..#..#.###
....#......##.#.###..#..#.# #
#.#.#..#.#.##.#......##.#.##
'g
#.#.#.....Zw@.######.......#
#.. #.#....#..Z.### #....##.#
#...#.#..†........# #.#####.#
#.....#((#.#......# #.### #.#
#.....(..)........# #...# #Z#
#.K..#.##..#......# #.### #.##
K......#.....###### #.# #...
.###.$.....#.# #####.#####...
####..#...# #.....#.....##


You could see a worm, a friendly frilled lizard skeleton and a friendly
hobgoblin skeleton.

Vanquished Creatures
  A worm (D:2)
  2 dart slugs (D:1)
  A leopard gecko (D:1)
  A ball python (D:2)
  2 giant cockroaches (D:1)
  3 goblins (D:1)
  6 hobgoblins
  8 kobolds
  8 bats
  3 frilled lizards
  3 rats (D:1)
38 creatures vanquished.

Vanquished Creatures (collateral kills)
  A leopard gecko (D:1)
  A bat (D:1)
2 creatures vanquished.

Grand Total: 40 creatures vanquished

Notes
Turn   | Place    | Note
-------+----------+-------------------------------------------
     0 | D:1      | Laraso the Vine Stalker Necromancer began the quest for the
                  | Orb.
     0 | D:1      | Reached XP level 1. HP: 9/9 MP: 4/4
   127 | D:1      | Learned a level 1 spell: Animate Skeleton
   224 | D:1      | Reached XP level 2. HP: 6/13 MP: 0/6
   388 | D:1      | Reached skill level 3 in Spellcasting
  1236 | D:1      | Reached XP level 3. HP: 16/16 MP: 7/9
  2111 | D:2      | Learned a level 3 spell: Vampiric Draining
  2115 | D:2      | Learned a level 3 spell: Regeneration
  2161 | D:2      | Reached skill level 4 in Spellcasting
  2292 | D:2      | Slain by a worm

Levels and vault maps discovered:
D:1:      minmay_arrival_solitary_statue, layout_loops_ring
D:2:      layout_basic, nemelex_altar_shiori, first_ration

Skill      XL: |  1  2  3 |
---------------+----------+-----
Spellcasting   | 3 4 |  4.1
Dodging        | |  1.5
Stealth        | |  2.4
Necromancy     | |  4.0

Action                   || total
-------------------------++-------
Melee: Hand axe          ||     7
 Cast: Pain              ||    74
       Animate Skeleton  ||    18
  Use: Scroll            ||     1
       Potion            ||     1
 Stab: Sleeping          ||     1
  Eat: Chunk             ||     4
Armor: Robe              ||    10
Dodge: Dodged            ||    18

Table legend:
 A = Non-vault XP
 B = Vault XP
 C = Vault XP percentage of total XP
 D = Non-vault monster count
 E = Vault monster count
 F = Vault count percentage of total count
                 A         B        C        D         E       F
            +---------+---------+-------+---------+---------+-------
      Total |      72 |       0 |   0.0 |      40 |       0 |   0.0
            +---------+---------+-------+---------+---------+-------
        D:1 |      53 |       0 |   0.0 |      29 |       0 |   0.0
        D:2 |      19 |       0 |   0.0 |      11 |       0 |   0.0
            +---------+---------+-------+---------+---------+-------

Table legend:
 A = Kills in this place as a percentage of kills in entire the game.
 B = Kills by you in this place as a percentage of kills by you in the entire game.
 C = Kills by friends in this place as a percentage of kills by friends in the entire game.
 D = Other kills in this place as a percentage of other kills in the entire game.
 E = Experience gained in this place as a percentage of experience gained in the entire game.
 F = Experience gained in this place divided by the number of levels of this place that you have seen.
                   A       B       C       D       E      F
               +-------+-------+-------+-------+-------+----------------------
         Total | 100.0 | 100.0 | 100.0 |   N/A | 100.0 |  36.0
       Dungeon | 100.0 | 100.0 | 100.0 |   N/A | 100.0 |  36.0
               +-------+-------+-------+-------+-------+----------------------

Table legend:
 A = Turns spent in this place as a percentage of turns spent in the entire game.
 B = Non-inter-level travel turns spent in this place as a percentage of non-inter-level travel turns spent in the entire game.
 C = Inter-level travel turns spent in this place as a percentage of turns spent in this place.
 D = Turns resting spent in this place as a percentage of non-inter-level travel turns spent in this place.
 E = Turns spent auto-exploring this place as a percentage of non-inter-level travel turns spent in this place.
 F = Non-inter-level travel turns spent in this place divided by the number of levels of this place that you've seen.
                   A       B       C       D       E      F
               +-------+-------+-------+-------+-------+----------------------
         Total | 100.0 | 100.0 |   0.6 |  60.4 |  24.8 | 1139.0
       Dungeon | 100.0 | 100.0 |   0.6 |  60.4 |  24.8 | 1139.0
               +-------+-------+-------+-------+-------+----------------------

Levels and vault maps discovered:
D:1:      minmay_arrival_solitary_statue, layout_loops_ring
D:2:      layout_basic, nemelex_altar_shiori, first_ration
